 Dungeon Crawl Stone Soup version 0.22-a0-392-g5dc3fd9 (webtiles) character file.

128 Kairos the Shield-Bearer (level 4, 0/40 HPs)
             Began as a Deep Dwarf Fighter on May 2, 2018.
             Was an Initiate of Makhleb.
             Succumbed to Nib's ghost's poison
             ... on level 3 of the Dungeon.
             The game lasted 00:02:45 (1641 turns).

Kairos the Shield-Bearer (Deep Dwarf Fighter)       Turns: 1641, Time: 00:02:46

Health: 0/40       AC:  9    Str: 21    XL:     4   Next: 86%
Magic:  13/13      EV:  6    Int:  8    God:    Makhleb [......]
Gold:   170        SH:  0    Dex: 12    Spells: 3/3 levels left

rFire    . . .     SeeInvis .   a - +0 war axe
rCold    . . .     Gourm    .   c - +0 shield
rNeg     . . .     Faith    .   m - +0 chain mail
rPois    .         Spirit   .   (no helmet)
rElec    .         Reflect  .   (no cloak)
rCorr    .         Harm     .   (no gloves)
MR       .....                  (no boots)
Stlth    ..........             (no amulet)
HPRegen  0.00/turn              h - ring of magical power
MPRegen  0.13/turn              (no ring)

@: confused, lethally poisoned (0 -> -8), non-regenerating
A: damage resistance, heal wounds, sense surroundings 1, no regeneration
a: Heal Wounds, Renounce Religion


You were on level 3 of the Dungeon.
You worshipped Makhleb.
Makhleb was noncommittal.
You were hungry.

You visited 1 branch of the dungeon, and saw 3 of its levels.

You collected 170 gold pieces.

Inventory:

Hand Weapons
 a - a +0 war axe (weapon)
Armour
 b - a +0 scale mail
 c - a +0 shield (worn)
 m - a +0 chain mail (worn)
Jewellery
 h - a ring of magical power (left hand)
Scrolls
 e - 5 scrolls of identify {unknown}
 g - a scroll of remove curse {unknown}
 k - a scroll of magic mapping {unknown}
 o - a scroll of amnesia {unknown}
 r - a scroll of enchant armour {unknown}
Potions
 d - 2 potions of might
 i - 2 potions of curing {unknown}
 j - a potion of flight {unknown}
 l - a potion of haste {unknown}
 n - a potion of degeneration {unknown}
 p - a potion of cancellation {unknown}
 s - a potion of lignification {unknown}
 t - a potion of resistance
Comestibles
 f - 10 rations


   Skills:
 + Level 2.9 Fighting
 + Level 3.4 Axes
 + Level 4.1 Armour
 + Level 0.7 Dodging
 + Level 4.6 Shields


You had 3 spell levels left.
You didn't know any spells.

Dungeon Overview and Level Annotations

Branches:
Dungeon (3/15)

Altars:
Hepliaklqana
Makhleb
The Shining One
Lugonu

Annotations:
D:3 Nib's ghost, amateur SpEn


Innate Abilities, Weirdness & Mutations

You are resistant to damage.
You can heal yourself by infusing magical energy.
You passively map a small area around you.
You do not regenerate.


Message History

You block Nib's ghost's attack.
You miss Nib's ghost.
You feel very sick. You block Nib's ghost's attack.
Nib's ghost points at you and mumbles some strange words.
You are confused.
You completely miss Nib's ghost.
You feel very sick.
The leopard gecko hisses menacingly.
Nib's ghost closely misses you.
You bump into the rock wall.
You feel sick. Nib's ghost hits you.
* * * LOW HITPOINT WARNING * * *
You are lethally poisoned!
You bump into the rock wall.
* * * LOW HITPOINT WARNING * * *
You feel sick.
Nib's ghost points at you and mumbles some strange words.
You resist with some effort.
You bump into the rock wall.
You die...

#.# ###.## ##.##
#.* ##.###.######
, ##.#...[..... ,
##.#######.. #.#
* , , #.#### ,, ,
#....# ,,, ,
####.# , #@# * *
##W##, , , *
#.ls#, ,
.......#....s...
.#####..........,
* * ##.##......
#l #..... , ..
#...., ## #... ,


You could see Nib's ghost, a leopard gecko and a giant cockroach.

Vanquished Creatures
  Jessica (D:2)
  Terence (D:2)
  3 adders (D:2)
  An ooze (D:2)
  A worm (D:2)
  A dart slug (D:2)
  4 leopard geckos
  A ball python (D:1)
  4 bats
  A giant cockroach (D:2)
  2 goblins (D:1)
  2 hobgoblins (D:1)
  2 jackals (D:2)
  A quokka (D:3)
  5 frilled lizards
  5 kobolds
  8 rats
43 creatures vanquished.

Notes
Turn   | Place    | Note
-------+----------+-------------------------------------------
     0 | D:1      | Kairos the Deep Dwarf Fighter began the quest for the Orb.
     0 | D:1      | Reached XP level 1. HP: 20/20 MP: 1/1
   331 | D:1      | Reached XP level 2. HP: 27/27 MP: 2/2
   933 | D:2      | Reached XP level 3. HP: 31/33 MP: 3/3
  1043 | D:2      | Noticed Terence
  1064 | D:2      | Killed Terence
  1064 | D:2      | Reached XP level 4. HP: 37/40 MP: 4/4
  1269 | D:2      | Found a hazy altar of Hepliaklqana.
  1278 | D:2      | Found a glowing golden altar of the Shining One.
  1303 | D:2      | Noticed Jessica
  1314 | D:2      | Killed Jessica
  1325 | D:2      | Found a faded altar of an unknown god.
  1384 | D:2      | Became a worshipper of Lugonu the Unformed
  1384 | D:2      | Reached * piety under Lugonu
  1384 | D:2      | Reached ** piety under Lugonu
  1402 | D:2      | Found a burning altar of Makhleb.
  1402 | D:2      | Noticed a blizzard demon
  1441 | D:2      | Noticed a hellwing
  1441 | D:2      | Noticed an orange demon
  1443 | D:2      | Fell from the grace of Lugonu
  1443 | D:2      | Became a worshipper of Makhleb the Destroyer
  1626 | D:3      | Noticed Nib's ghost (amateur SpEn)
  1640 | D:3      | HP: 2/40 [poisoned by Nib's ghost]
  1641 | D:3      | Succumbed to Nib's ghost's poison

Vault maps used:
D:1:      evilmike_arrival_rings
D:2:      makhleb_altar_promises_db, amethyst_overflow_temple_binary,
          chequers_ecumenical_altar_simple, first_ration, uniq_jessica,
          uniq_terence
D:3:      wad_pebble_path

Skill      XL: |  1  2  3  4 |
---------------+-------------+-----
Shields        | 4 |  4.6
Armour         | 4 |  4.1
Axes           | 3 |  3.4
Fighting       | |  2.9
Dodging        | |  0.7

Action                   |  1- 3 |  4- 6 || total
-------------------------+-------+-------++-------
Melee: War axe           |    75 |    68 ||   143
  Eat: Chunk             |       |     2 ||     2
Armor: Scale mail        |    37 |     1 ||    38
       Chain mail        |       |    37 ||    37
Dodge: Dodged            |    28 |    13 ||    41
Block: Shield            |    61 |    48 ||   109

Table legend:
 A = Spawn XP
 B = Non-spawn XP
 C = Spawn XP percentage of total XP
 D = Spawn monster count
 E = Non-spawn monster count
 F = Spawn count percentage of total count
 G = Total turns spent on level
                    A         B        C        D         E        F      G
               +---------+---------+-------+---------+---------+-------+---------
         Total |       0 |     183 |   0.0 |       0 |      43 |   0.0 |  1641
               +---------+---------+-------+---------+---------+-------+---------
           D:1 |       0 |      29 |   0.0 |       0 |      17 |   0.0 |   883
           D:2 |       0 |     148 |   0.0 |       0 |      22 |   0.0 |   601
           D:3 |       0 |       6 |   0.0 |       0 |       4 |   0.0 |   157
               +---------+---------+-------+---------+---------+-------+---------
